 Dungeon Crawl Stone Soup version 0.18.1-6-gd335043 (webtiles) character file.

2707 Helmschank the Destroyer (level 9, -5/48 HPs)
             Began as a Deep Elf Wizard on May 16, 2016.
             Was an Initiate of Vehumet.
             Slain by a spriggan baker
             ... wielding a +0 dagger
              (10 damage)
             ... on level 7 of the Dungeon.
             The game lasted 00:53:11 (10143 turns).

Helmschank the Destroyer (Deep Elf Wizard)         Turns: 10143, Time: 00:53:12

Health: -5/48      AC:  5    Str:  4    XL:     9   Next: 39%
Magic:  15/23      EV: 15    Int: 27    God:    Vehumet [......]
Gold:   271        SH:  0    Dex: 13    Spells: 7 memorised, 6 levels left

rFire  . . .     SeeInvis .     a - +2 halberd (venom)
rCold  . . .     Gourm    +     r - +0 robe
rNeg   . . .     Faith    .     (shield currently unavailable)
rPois  .         Spirit   .     x - +0 helmet
rElec  .         Dismiss  .     n - +1 cloak
rCorr  .         Reflect  .     (no gloves)
SustAt .         Harm     .     (no boots)
MR     .....                    l - amulet of the gourmand
Stlth  ++........               (no ring)
                                (no ring)

@: repel missiles, drained, not resistant to hostile enchantments, unstealthy
A: no striking features
a: Renounce Religion


You were on level 7 of the Dungeon.
You worshipped Vehumet.
Vehumet was noncommittal.
You were not hungry.

You visited 2 branches of the dungeon, and saw 8 of its levels.

You collected 271 gold pieces.

Inventory:

Hand Weapons
 a - a +2 halberd of venom (weapon)
 b - a +1 falchion
 y - a cursed -3 mace
 D - a cursed -3 war axe
 E - a +2 whip of electrocution
 G - a cursed -3 dagger
Missiles
 f - 206 stones (quivered)
 j - 2 curare-tipped needles
 u - 23 poisoned needles
 z - 2 tomahawks
Armour
 n - a +1 cloak (worn)
 r - a +0 robe (worn)
 x - a +0 helmet (worn)
Jewellery
 l - an amulet of the gourmand (around neck)
 o - an uncursed amulet of harm
Wands
 B - a wand of disintegration (12/24)
 F - a wand of digging (12/24)
Scrolls
 e - 2 scrolls of magic mapping
 g - 2 scrolls of immolation
 w - 2 scrolls of enchant weapon
Potions
 m - a potion of degeneration
 p - 3 potions of haste
 s - a potion of cancellation
 t - 3 potions of curing
 v - 2 potions of might
 C - a potion of beneficial mutation
 H - a potion of heal wounds
Books
 c - a book of Minor Magic

   Spells                             Type                      Level
   a - Magic Dart                     Conjuration                  1
   b - Blink                          Translocation                2
   c - Call Imp                       Summoning                    2
   d - Repel Missiles                 Charms/Air                   2
   e - Slow                           Hexes                        2
   f - Conjure Flame                  Conjuration/Fire             3
   g - Mephitic Cloud                 Conjuration/Poison/Air       3
 i - a book of Enchantments

   Spells                             Type                      Level
   a - Cause Fear                     Hexes                        4
   b - Yara's Violent Unravelling     Hexes/Transmutation          5
   c - Silence                        Hexes/Air                    5
   d - Deflect Missiles               Charms/Air                   6
   e - Haste                          Charms                       6
   f - Discord                        Hexes                        8
 J - a book of the Earth

   Spells                             Type                      Level
   a - Leda's Liquefaction            Hexes/Earth                  4
   b - Bolt of Magma                  Conjuration/Fire/Earth       5
   c - Statue Form                    Transmutation/Earth          6
   d - Iron Shot                      Conjuration/Earth            6
   e - Shatter                        Earth                        9
Comestibles
 d - 7 bread rations
 k - 5 meat rations
 q - 2 beef jerkies
 A - a slice of pizza
 I - 3 fruits


   Skills:
 - Level 2.0(0.9) Fighting
 + Level 8.2(6.9) Dodging
 - Level 2.4(1.3) Stealth
 + Level 8.1(6.9) Spellcasting
 - Level 9.1(7.8) Conjurations
 - Level 1.1(0.0) Summonings
 - Level 1.1(0.0) Translocations
 - Level 2.2(1.1) Fire Magic
 - Level 2.0(0.9) Air Magic
 + Level 1.5(0.5) Earth Magic
 - Level 2.1(1.1) Poison Magic


You had 6 spell levels left.
You knew the following spells:

 Your Spells              Type           Power        Failure   Level  Hunger
a - Bolt of Magma         Conj/Fire/Erth ####......   54%         5    #####..
b - Blink                 Tloc           N/A          12%         2    None
c - Mephitic Cloud        Conj/Pois/Air  ####....     4%          3    None
h - Conjure Flame         Conj/Fire      ####....     2%          3    None
q - Call Imp              Summ           #.......     12%         2    None
z - Magic Dart            Conj           ####         1%          1    None
Q - Repel Missiles        Chrm/Air       ##....       10%         2    None


Dungeon Overview and Level Annotations

Branches:
Dungeon (7/15)             Temple (1/1) D:7

Altars:
Ashenzari
Cheibriados
Dithmenos
Elyvilon
Fedhas
Gozag
Kikubaaqudgha
Makhleb
Nemelex Xobeh
Okawaru
Pakellas
Qazlal
Ru
Sif Muna
Trog
Vehumet
Xom
Yredelemnul
Zin
The Shining One

Shops:
D:3 *


Message History

The spriggan baker hits you with a dagger.
You take 3 damage, and have 23/48 hp.
You now have 20/23 mp.
Casting: Mephitic Cloud
Confirm with . or Enter, or press ? or * to list all spells.
Aiming: Mephitic Cloud
Press: ? - help, Shift-Dir - straight line The ball explodes into a vile cloud!
The stinking cloud engulfs the spriggan baker.
The spriggan baker is severely wounded.
The spriggan baker is engulfed in noxious fumes.
The spriggan baker hits you with a dagger.
You take 3 damage, and have 20/48 hp.
You now have 17/23 mp.
The spriggan baker hits you with a dagger!
* * * LOW HITPOINT WARNING * * *
You take 15 damage, and have 5/48 hp.
MASSIVE DAMAGE!!
Casting: Mephitic Cloud
Confirm with . or Enter, or press ? or * to list all spells.
You blink.
The spriggan baker hits you with a dagger!
You die...

#####.#.....#.# #.#
........#...#.# #.#
#...#.###...#.# #.#
#...#.......#.# #.#
#...#######.###### #.#
............# %%# #.#
#...#######.# ##.# #.#
............# #..# #.#
#########...####@######
#.# #...#.§i........#.#
#...#.###########.#
###...#.# #.# #.....#.#
#.# #...#.#.# #.# ###
#...#.#.# #.# #<#
#...#...####### #.#
#.#####...#.........#
#.#


You could see a spriggan baker.

Vanquished Creatures
  Pikel (D:6)
  2 orc warriors
  A wasp (D:7)
  2 sky beasts
  3 slaves
  A phantom (D:4)
  2 ogres
  A centaur (D:5)
  3 giant frogs
  2 scorpions (D:5)
  4 electric eels (D:7)
  A crimson imp (D:6)
  3 giant frog skeletons
  A quasit (D:5)
  2 hounds
  Crazy Yiuf (D:2)
  A centaur skeleton (D:7)
  An orc priest (D:6)
  Natasha (twice) (D:2)
  4 orc wizards
  8 worker ants
  A hound skeleton (D:4)
  2 howler monkey skeletons (D:5)
  8 adders
  6 gnolls
  2 shadow imps
  A worm (D:2)
  3 dart slugs
  5 giant geckos
  13 orcs
  4 giant cockroaches
  9 goblins
  10 hobgoblins
  13 jackals
  5 quokkas
  4 ball pythons
  9 bats
  8 giant newts
  2 goblin zombies (D:5)
  3 hobgoblin zombies (D:5)
  8 kobolds
  2 kobold skeletons (D:5)
  A kobold zombie (D:5)
  2 orc skeletons (D:5)
  An orc zombie (D:5)
  6 rats
174 creatures vanquished.

Vanquished Creatures (collateral kills)
  Menkaure (D:7)
  An orc (D:7)
  A giant cockroach (D:6)
3 creatures vanquished.

Grand Total: 177 creatures vanquished

Notes
Turn   | Place    | Note
--------------------------------------------------------------
     0 | D:1      | Helmschank the Deep Elf Wizard began the quest for the Orb.
     0 | D:1      | Reached XP level 1. HP: 10/10 MP: 7/7
   332 | D:1      | Reached skill level 2 in Conjurations
   337 | D:1      | Reached XP level 2. HP: 15/15 MP: 6/9
  1020 | D:1      | Learned a level 2 spell: Blink
  1106 | D:1      | Reached XP level 3. HP: 19/19 MP: 4/10
  1160 | D:1      | Learned a level 3 spell: Mephitic Cloud
  1164 | D:1      | Learned a level 3 spell: Conjure Flame
  1638 | D:1      | Reached skill level 1 in Air Magic
  1638 | D:1      | Reached XP level 4. HP: 13/24 MP: 2/12
  1771 | D:2      | Reached skill level 1 in Poison Magic
  1859 | D:2      | Learned a level 2 spell: Repel Missiles
  1885 | D:2      | Reached skill level 1 in Fire Magic
  1917 | D:2      | Found a snail-covered altar of Cheibriados.
  1954 | D:2      | Found a sacrificial altar of Ru.
  2183 | D:2      | Noticed Crazy Yiuf
  2208 | D:2      | Killed Crazy Yiuf
  2537 | D:2      | Noticed Natasha
  2552 | D:2      | Killed Natasha
  2552 | D:2      | Reached XP level 5. HP: 24/28 MP: 0/13
  2864 | D:2      | Noticed Natasha
  2894 | D:2      | Killed Natasha
  3182 | D:3      | Found an opulent altar of Gozag.
  3186 | D:3      | Found Gozag's Platinum Reserve.
  3580 | D:3      | Found a shadowy altar of Dithmenos.
  3958 | D:3      | Reached skill level 3 in Conjurations
  4158 | D:3      | Found an iron altar of Okawaru.
  4585 | D:4      | Reached XP level 6. HP: 28/32 MP: 12/14
  5108 | D:4      | Reached skill level 5 in Spellcasting
  5174 | D:4      | Reached skill level 4 in Conjurations
  5178 | D:4      | Learned a level 2 spell: Call Imp
  5841 | D:5      | Entered Level 5 of the Dungeon
  5841 | D:5      | Found an oddly glowing altar of Pakellas.
  5885 | D:5      | Found a glowing golden altar of the Shining One.
  5891 | D:5      | Reached XP level 7. HP: 37/37 MP: 11/17
  5898 | D:5      | Reached skill level 1 in Fighting
  5898 | D:5      | Reached skill level 5 in Dodging
  5898 | D:5      | Reached skill level 5 in Conjurations
  6277 | D:5      | Found a stormy altar of Qazlal.
  6277 | D:5      | Found a white marble altar of Elyvilon.
  6279 | D:5      | Found a shattered altar of Ashenzari.
  6549 | D:5      | Found an ancient bone altar of Kikubaaqudgha.
  6794 | D:5      | Reached skill level 6 in Conjurations
  6903 | D:6      | Noticed Pikel
  7216 | D:5      | Reached XP level 8. HP: 44/44 MP: 14/18
  7782 | D:6      | Reached skill level 7 in Conjurations
  7919 | D:6      | Killed Pikel
  7919 | D:6      | Reached skill level 8 in Conjurations
  7919 | D:6      | Reached XP level 9. HP: 38/48 MP: 10/21
  8318 | D:7      | Found a staircase to the Ecumenical Temple.
  8326 | Temple   | Entered the Ecumenical Temple
  8453 | Temple   | Became a worshipper of Vehumet
  9217 | D:7      | Reached skill level 9 in Conjurations
  9488 | D:7      | Learned a level 5 spell: Bolt of Magma
  9658 | D:7      | Reached skill level 1 in Earth Magic
  9812 | D:7      | Noticed Menkaure
  9836 | D:7      | Killed Menkaure
 10143 | D:7      | Slain by a spriggan baker

Skill      XL: |  1  2  3  4  5  6  7  8  9 |
---------------+----------------------------+-----
Conjurations   | 2 3 4 6 8 9 |  9.1
Dodging        | 3 4 6 7 8 |  8.2
Air Magic      | 1 2 |  2.0
Poison Magic   | 1 2 |  2.1
Fire Magic     | 1 2 |  2.2
Spellcasting   | 5 7 8 |  8.1
Fighting       | 2 |  2.0
Earth Magic    | 1 |  1.5
Stealth        | |  2.4
Summonings     | |  1.1
Translocations | |  1.1

Action                   |  1- 3 |  4- 6 |  7- 9 || total
-------------------------+-------+-------+-------++-------
Melee: Mace              |     1 |       |       ||     1
       Unarmed           |     1 |       |       ||     1
       Short sword       |     4 |    12 |       ||    16
       Falchion          |       |    34 |       ||    34
       Halberd           |       |    15 |   135 ||   150
Throw: Stone             |     4 |    14 |    12 ||    30
 Cast: Magic Dart        |    67 |   164 |    65 ||   296
       Blink             |     4 |     4 |    11 ||    19
       Mephitic Cloud    |     1 |    12 |    46 ||    59
       Conjure Flame     |     1 |     8 |     6 ||    15
       Repel Missiles    |       |     1 |       ||     1
       Call Imp          |       |       |     7 ||     7
  Use: Scroll            |       |     9 |     9 ||    18
 Stab: Confused          |     1 |     1 |    14 ||    16
       Sleeping          |       |     3 |     3 ||     6
  Eat: Chunk             |     2 |    12 |    13 ||    27
       Beef jerky        |       |     1 |       ||     1
       Fruit             |       |       |     1 ||     1
Armor: Robe              |     2 |    15 |    16 ||    33
Dodge: Dodged            |    13 |    63 |    74 ||   150
       Deflected         |       |     1 |     1 ||     2
